 Dungeon Crawl Stone Soup version 0.29-a0-297-g7659ce593d (webtiles) character file.

Game seed: 1359610847901225223

15521 kae the Nimble (level 12, 0/75 HPs)
             Began as a Tengu Fire Elementalist on Mar 20, 2022.
             Was an Elder of Vehumet.
             Engulfed by an ice statue's freezing vapour (7 damage)
             ... in an ice cave.
             The game lasted 00:09:19 (13869 turns).

kae the Nimble (Tengu Fire Elementalist)           Turns: 13869, Time: 00:09:20

Health: 0/75       AC: 12    Str: 10    XL:     12   Next: 27%
Magic:  23/25      EV: 20    Int: 19    God:    Vehumet [****..]
Gold:   356        SH:  0    Dex: 15    Spells: 14/27 levels left

rFire   + + .      SeeInvis .   d - +1 dagger
rCold   x x .      Faith    .   (no shield)
rNeg    . . .      Spirit   .   s - +3 salamander hide armour {Flames rF++ rC--}
rPois   +          Reflect  .   G - +2 hat
rElec   .          Harm     .   A - +2 cloak {rPois}
rCorr   .          Rampage  .   (no gloves)
Will    +....                   (boots unavailable)
Stlth   ++........              f - amulet of magic regeneration
HPRegen 0.22/turn               c - ring of Seduid {Wiz Fly rPois}
MPRegen 0.59/turn               q - ring of willpower

@: flying quickly and evasively, quick
A: beak, talons 3, nimble flight
a: Renounce Religion


You were in an ice cave.
You worshipped Vehumet.
Vehumet was greatly pleased with you.
You visited 2 branches of the dungeon, and saw 12 of its levels.
You also visited: Bailey and Ice Cave.

You collected 1361 gold pieces.
You spent 1005 gold pieces at shops.

Inventory:

Hand Weapons
 d - a +1 dagger (weapon)
Armour
 a - a +0 robe
 s - the +3 salamander hide armour (worn) {Flames rF++ rC--}
   (You bought it in a shop on level 3 of the Dungeon)

   It surrounds you with a cloud of flames.
   It grants immunity to clouds of flame.
   It enhances your fire magic.
   rF:        It greatly protects you from fire.
   rC:        It makes you very vulnerable to cold.
 u - a scarf of repulsion
 A - a +2 cloak of poison resistance (worn)
 G - a +2 hat (worn)
Jewellery
 c - the ring of Seduid (left hand) {Wiz Fly rPois}
   (You acquired it on level 3 of the Dungeon)

   [ring of wizardry]

   It improves your spell success rate.
   rPois:     It protects you from poison.
   Fly:       It grants you flight.
 f - an amulet of magic regeneration (around neck)
 i - the ring of the Viny God {rC+ rN+ Int+3}
   (You found it in a bailey)

   [ring of positive energy]

   Int:       It affects your intelligence (+3).
   rC:        It protects you from cold.
   rN:        It protects you from negative energy.
 o - a ring of protection from cold
 q - a ring of willpower (right hand)
 B - a ring of resist corrosion
 H - a +6 ring of dexterity
Wands
 r - a wand of flame (67)
 w - a wand of acid (12)
 D - a wand of mindburst (7)
 E - a wand of polymorph (3)
Scrolls
 j - 7 scrolls of blinking
 k - 3 scrolls of noise
 m - 3 scrolls of teleportation
 x - a scroll of enchant armour
 y - 2 scrolls of fear
 C - 3 scrolls of identify
 I - 2 scrolls of amnesia
 K - a scroll of enchant weapon
Potions
 b - 3 potions of magic
 e - 4 potions of ambrosia
 g - a potion of degeneration
 h - 3 potions of curing
 l - 2 potions of might
 n - 2 potions of attraction
 p - 5 potions of lignification
 t - 2 potions of brilliance
 v - a potion of invisibility {unknown}
 z - a potion of heal wounds
 F - a potion of haste
 J - 2 potions of cancellation {unknown}


   Skills:
 + Level 8.6 Fighting
 + Level 7.0 Armour
 * Level 10.6 Dodging
 - Level 2.0 Stealth
 + Level 8.3 Spellcasting
 - Level 8.0 Conjurations
 - Level 10.0 Fire Magic


You had 14 spell levels left.
You knew the following spells:

 Your Spells              Type           Power      Damage    Failure   Level
a - Foxfire               Conj/Fire      100%       2x1d9     1%          1
b - Scorch                Fire           100%       2d10      1%          2
c - Conjure Flame         Conj/Fire      58%        6-21      1%          3
d - Inner Flame           Hex/Fire       40%        N/A       1%          3
e - Flame Wave            Conj/Fire      58%        2d11      1%          4

Your spell library contained the following spells:

 Spells                   Type           Power      Damage    Failure   Level
 Ignite Poison            Fire/Tmut/Pois 30%        N/A       1%          3
 Shock                    Conj/Air       92%        1d8       1%          1
 Animate Skeleton         Necr           14%        N/A       4%          1
 Pain                     Necr           28%        1d5       4%          1
 Summon Small Mammal      Summ           28%        N/A       4%          1
 Sublimation of Blood     Necr           7%         N/A       7%          2
 Wereblood                Tmut           7%         N/A       7%          2
 Irradiate                Conj/Tmut      11%        3d17      7%          5
 Airstrike                Air            3%         N/A       12%         4
 Call Canine Familiar     Summ           7%         N/A       13%         3
 Ozocubu's Armour         Ice            7%         N/A       13%         3
 Summon Guardian Golem    Hex/Summ       7%         N/A       13%         3
 Swiftness                Air            7%         N/A       13%         3
 Vampiric Draining        Necr           7%         2d6       13%         3
 Blade Hands              Tmut           3%         N/A       73%         5
 Ozocubu's Refrigeration  Ice            3%         4d5       99%         7
 Dragon Form              Tmut           3%         N/A       100%        7
 Summon Hydra             Summ           3%         N/A       100%        7


Dungeon Overview and Level Annotations

Branches:
Dungeon (11/15)            Temple (1/1) D:6            Lair (0/6) D:11
    Orc (0/2) D:10         Bailey (visited)           IceCv (1/1)

Altars:
Ashenzari
Cheibriados
Dithmenos
Elyvilon
Fedhas
Gozag
Hepliaklqana
Kikubaaqudgha
Makhleb
Nemelex Xobeh
Okawaru
Qazlal
Ru
Sif Muna
Trog
Uskayaw
Vehumet
Wu Jian
Xom
Yredelemnul
Zin
The Shining One
Beogh

Shops:
D:1 =   D:3 ?[   D:7 *:

Annotations:
IceCv exclusion: ice statue


Innate Abilities, Weirdness & Mutations

You have a beak for a mouth.
You have claws for feet.
Your magical nature lets you fly swiftly and evasively.


Message History

HP restored.
Really fly into a travel-excluded area? [Y]es or [N]o only, please.
Really fly into a travel-excluded area?
Okay, then.
Really fly into a travel-excluded area?
A yak comes into view.
The ice statue is engulfed in blazing flames.
The yak bellows!
You hit the ice statue.
The ice statue is lightly damaged.
You hear a bellow!
The ice statue gestures at you. The freezing blast misses you.
Casting: Scorch (safe; 1% risk of failure)
Confirm with . or Enter, or press ? or * to list all spells.
You feel a surge of power!
Flames lash the ice statue.
The ice statue melts!
The ice statue is lightly damaged.
The ice statue's fire resistance burns away.
You are engulfed in freezing vapours.
The ice statue is engulfed in blazing flames.
The ice statue gestures at you. The freezing blast misses you.
You are engulfed in freezing vapours.
* * * LOW HITPOINT WARNING * * *
The ice statue is engulfed in blazing flames.
A yak comes into view.
Casting: Scorch (safe; 1% risk of failure)
Confirm with . or Enter, or press ? or * to list all spells.
You feel a surge of power!
Flames lash the yak.
The yak is moderately wounded.
The yak's fire resistance burns away.
You are engulfed in freezing vapours.
* * * LOW HITPOINT WARNING * * *
You hear a bellow! x2
The ice statue is engulfed in blazing flames.
The ice statue gestures at you. The bolt of cold misses you.
You hear a sizzling sound!
You are engulfed in freezing vapours.
You die...

###..#..##..##
##...###.#.## ##.##
#.#..# ### ##...#
##...## ##....# ###
#### #.....# #.##
###..####....###○8#
##....##....###○@°##
....#.......##.☼☼°.##
...###......##°°°.Y.#
..##
###...#.....##..# ###
##........# #.#
#........## .Y#
##.......# .#
##.....## # ##....#


You could see an ice statue (combustible) and 2 yaks.

Vanquished Creatures
  Gastronok (D:10)
  A boulder beetle (D:9)
  2 two-headed ogres
  A death yak (IceCv)
  An orc knight (Bailey)
  A deep elf zephyrmancer (Bailey)
  A cyclops (D:11)
  A gargoyle (D:11)
  A kobold demonologist (D:8)
  4 rime drakes (IceCv)
  A troll (D:9)
  4 hornets
  3 polar bears (IceCv)
  A wyvern (D:8)
  15 yaks
  A steam dragon (D:6)
  A vampire mosquito (D:11)
  A water moccasin (D:7)
  10 orc warriors
  A black bear (D:8)
  An ogre (D:5)
  6 wolves (IceCv)
  A centaur (D:9)
  3 kobold brigands
  4 necrophages
  A gnoll sergeant (D:9)
  4 bullfrogs
  3 scorpions
  A wight (D:8)
  24 killer bees
  A howler monkey (D:7)
  3 jellies
  7 orc priests
  A hound (D:4)
  Jessica (D:3)
  Ijyb (D:5)
  13 orc wizards
  12 adders
  11 gnolls
  14 white imps
  An ufetubus (D:5)
  2 worms (D:2)
  3 dart slugs
  48 orcs
  3 bats
  7 endoplasms
  2 giant cockroaches
  11 goblins
  7 hobgoblins
  7 jackals
  3 quokkas
  3 ball pythons
  8 frilled lizards
  16 kobolds
  4 rats
289 creatures vanquished.

Vanquished Creatures (collateral kills)
  A foxfire (D:1)
1 creature vanquished.

Vanquished Creatures (others)
  444 foxfires
444 creatures vanquished.

Grand Total: 734 creatures vanquished

Notes
Turn   | Place    | Note
-------+----------+-------------------------------------------
     0 | D:1      | kae the Tengu Fire Elementalist began the quest for the
                  | Orb.
     0 | D:1      | Reached XP level 1. HP: 10/10 MP: 4/4
    34 | D:1      | Reached XP level 2. HP: 4/16 MP: 1/6
   315 | D:1      | Found Yxuja's Jewellery Emporium.
   676 | D:1      | Reached XP level 3. HP: 20/20 MP: 1/7
   679 | D:1      | Learned a level 2 spell: Scorch
   683 | D:1      | Learned a level 3 spell: Conjure Flame
   797 | D:1      | Reached skill level 1 in Fighting
   996 | D:1      | Found a faded altar of an unknown god.
  1144 | D:2      | Noticed a necrophage
  1157 | D:2      | Killed a necrophage
  1158 | D:2      | Reached XP level 4. HP: 8/25 MP: 4/8
  1412 | D:2      | You fall into a shaft and drop 2 floors!
  1582 | D:2      | Gained mutation: Your magical nature lets you fly swiftly
                  | and evasively. [Tengu growth]
  1582 | D:2      | Reached XP level 5. HP: 30/30 MP: 5/10
  2502 | D:3      | Found a shimmering blue altar of Sif Muna.
  2829 | D:3      | Found Tug Goa's Magic Scroll Emporium.
  2912 | D:3      | Bought a scroll of identify for 26 gold pieces
  2912 | D:3      | Bought a scroll of identify for 26 gold pieces
  2912 | D:3      | Bought a scroll of noise for 13 gold pieces
  3008 | D:3      | Reached skill level 5 in Fire Magic
  3095 | D:3      | Noticed Jessica
  3103 | D:3      | Killed Jessica
  3104 | D:3      | Reached XP level 6. HP: 35/35 MP: 7/11
  3271 | D:3      | Found Qohev's Antique Armour Shop.
  5061 | D:4      | Reached XP level 7. HP: 40/40 MP: 9/13
  5483 | D:4      | Identified 2 scrolls of acquirement
  5483 | D:4      | Acquired 847 gold pieces
  5534 | D:3      | Bought the +3 salamander hide armour {Flames rF++ rC--} for
                  | 793 gold pieces
  5534 | D:3      | Found the +3 salamander hide armour {Flames rF++ rC--}
  5546 | D:3      | Acquired the ring of Seduid {Wiz Fly rPois}
  5605 | D:5      | Entered Level 5 of the Dungeon
  5999 | D:5      | Noticed Ijyb
  6016 | D:5      | Killed Ijyb
  6230 | D:5      | Found a hide-covered altar of Uskayaw.
  6236 | D:5      | Found a burning altar of Makhleb.
  6236 | D:5      | Found an iron altar of Okawaru.
  6236 | D:5      | Found a shadowy altar of Dithmenos.
  6236 | D:5      | Found a basalt altar of Yredelemnul.
  6239 | D:5      | Found a glowing golden altar of the Shining One.
  6240 | D:5      | Found an ornate altar of the Wu Jian Council.
  6499 | D:5      | Reached skill level 5 in Conjurations
  6714 | D:6      | Noticed a steam dragon
  6718 | D:6      | Killed a steam dragon
  6719 | D:6      | Reached XP level 8. HP: 47/47 MP: 13/15
  6727 | D:6      | Found a staircase to the Ecumenical Temple.
  6774 | Temple   | Entered the Ecumenical Temple
  6859 | Temple   | Became a worshipper of Vehumet
  7390 | D:7      | Noticed a hornet
  7394 | D:7      | Found Ylaimyeh's Island Escapes.
  7400 | D:7      | Killed a hornet
  7502 | D:7      | Bought a scroll of blinking for 105 gold pieces
  7502 | D:7      | Bought a scroll of teleportation for 42 gold pieces
  7623 | D:7      | Found Woree's Book Shop.
  7630 | D:7      | Found a flagged portal.
  7640 | Bailey   | Entered a bailey
  7677 | Bailey   | Reached XP level 9. HP: 18/52 MP: 17/17
  7694 | Bailey   | Reached skill level 5 in Spellcasting
  7896 | Bailey   | Found a large runed translucent door.
  7896 | Bailey   | Found a large runed translucent door.
  7897 | Bailey   | Noticed a deep elf zephyrmancer
  7950 | Bailey   | Noticed an orc knight
  7969 | Bailey   | Reached skill level 5 in Fighting
  8038 | Bailey   | Killed an orc knight
  8178 | Bailey   | Killed a deep elf zephyrmancer
  8179 | Bailey   | Reached skill level 1 in Armour
  8187 | Bailey   | Identified the ring of the Viny God {rC+ rN+ Int+3}
  8274 | D:7      | Found a faded altar of an unknown god.
  8341 | D:7      | Reached * piety under Vehumet
  8341 | D:7      | Offered knowledge of Magic Dart by Vehumet.
  8397 | D:7      | Reached XP level 10. HP: 51/60 MP: 19/19
  8831 | D:7      | Reached skill level 10 in Fire Magic
  9182 | D:8      | Reached skill level 5 in Dodging
  9183 | D:8      | Reached ** piety under Vehumet
  9183 | D:8      | Offered knowledge of Static Discharge by Vehumet.
  9294 | D:8      | Noticed a kobold demonologist
  9299 | D:8      | Killed a kobold demonologist
  9341 | D:8      | Reached skill level 5 in Armour
  9972 | D:9      | Reached XP level 11. HP: 60/66 MP: 20/22
 10216 | D:9      | Offered knowledge of Frozen Ramparts by Vehumet.
 10263 | D:9      | Noticed a boulder beetle
 10278 | D:9      | Killed a boulder beetle
 11036 | D:9      | Found an opulent altar of Gozag.
 11106 | D:10     | Entered Level 10 of the Dungeon
 11148 | D:10     | Noticed Gastronok
 11150 | D:10     | Noticed a two-headed ogre
 11154 | D:10     | Reached *** piety under Vehumet
 11321 | D:10     | Killed a two-headed ogre
 11598 | D:10     | HP: 1/67 [Gastronok/the air (17)]
 11599 | D:10     | Killed Gastronok
 12055 | D:10     | Found a staircase to the Orcish Mines.
 12219 | D:10     | Identified the +0 helmet of the Hurricane {rN++ Regen+
                  | Str-4 SInv}
 12401 | D:10     | Offered knowledge of Sticky Flame by Vehumet.
 12465 | D:11     | Noticed a cyclops
 12466 | D:11     | Noticed a boulder beetle
 12473 | D:11     | Killed a cyclops
 12474 | D:11     | Noticed a two-headed ogre
 12477 | D:11     | Noticed a cyclops
 12536 | D:11     | Noticed a two-headed ogre
 12541 | D:11     | Found a frozen archway.
 12547 | D:11     | Killed a two-headed ogre
 12550 | D:11     | Reached **** piety under Vehumet
 12553 | D:11     | Offered knowledge of Ignite Poison by Vehumet.
 12559 | IceCv    | Entered an ice cave
 12568 | IceCv    | Reached XP level 12. HP: 36/74 MP: 25/25
 12749 | IceCv    | Reached skill level 10 in Dodging
 12757 | IceCv    | Noticed a death yak
 13133 | IceCv    | Noticed a death yak
 13138 | IceCv    | Killed a death yak
 13391 | IceCv    | Learned a level 3 spell: Inner Flame
 13396 | IceCv    | Learned a level 4 spell: Flame Wave
 13444 | IceCv    | Noticed a frost giant
 13444 | IceCv    | Noticed a death yak
 13869 | IceCv    | Engulfed by an ice statue's freezing vapour

Illustrated notes

Levels and vault maps discovered:
D:1:      ebering_trefoil_3fold, layout_basic, serial_shops,
          nicolae_lakefront_shop, dilly_ecumenical_altar_fadedgnrine,
          chequers_arboretum, nrook_campfire
D:2:      layout_loops_cross
D:3:      layout_rooms, mainiacjoe_overflow_alcove_1, serial_shops,
          nicolae_shop_window_shopping, nicolae_shop_crystal, serial_glass,
          glass_columns_c, glass_columns_a, glass_columns_a, glass_columns_b,
          glass_columns_b, glass_columns_c, glass_columns_a, glass_columns_a,
          serial_bayou_pond_e, grunt_decor_clamped, minmay_starry_boxes,
          uniq_jessica
D:4:      layout_loops_cross, chequers_serial_rivers_micro_d
D:5:      layout_basic, minitemple, uniq_ijyb
D:6:      layout_basic, minmay_temple_entry_tees
D:7:      layout_cave_pods, serial_column_ruins, column_ruins_temple_circle,
          column_ruins_open_small, column_ruins_corridor_corner,
          column_ruins_grid_4, column_ruins_grid_3,
          column_ruins_open_small_water, column_ruins_open_tiny, serial_shops,
          shop, enter_bailey_5, nicolae_island_escapes
D:8:      layout_basic, minmay_quadrilaterals
D:9:      layout_loops_ring, mainiacjoe_overflow_alcove_4
D:10:     layout_basic, minmay_orc_entry_temple_small, uniq_gastronok
D:11:     cheibrodos_fzero, layout_basic, lair_entry_dummy,
          portal_ice_cave_entry_imps
Temple:   cyrus_circular_temple
IceCv:    ice_cave_small_giant

Skill      XL: |  1  2  3  4  5  6  7  8  9 10 11 12 |
---------------+-------------------------------------+-----
Conjurations   | 2 3 4 5 6 7 8 |  8.0
Fighting       | 1 2 3 4 5 6 8 |  8.6
Fire Magic     | 4 5 7 8 9 10 | 10.0
Spellcasting   | 3 4 5 6 8 |  8.3
Armour         | 2 6 7 |  7.0
Dodging        | 3 6 9 10 | 10.6
Stealth        | |  2.0

Action                   |  1- 3 |  4- 6 |  7- 9 | 10-12 || total
-------------------------+-------+-------+-------+-------++-------
Melee: Unarmed           |     9 |       |       |       ||     9
       Kick              |     6 |     9 |     9 |    47 ||    71
       Dagger            |    12 |    28 |    25 |   103 ||   168
       Peck              |     1 |     3 |     9 |    30 ||    43
       Punch             |       |       |       |     1 ||     1
 Cast: Foxfire           |    46 |   129 |    87 |     3 ||   265
       Scorch            |       |    12 |    28 |    46 ||    86
       Conjure Flame     |       |       |     2 |       ||     2
  Use: Scroll            |     3 |     6 |     6 |     5 ||    20
       Potion            |       |       |       |     1 ||     1
Armor: Robe              |     3 |     4 |       |       ||     7
       Leather armour    |       |       |     4 |    36 ||    40
Dodge: Dodged            |    19 |    28 |    33 |   139 ||   219

Table legend: (Time is in decaauts)
 A = Elapsed time spent in this place.
 B = Non-inter-level travel time spent in this place.
 C = Inter-level travel time spent in this place.
 D = Time resting spent in this place.
 E = Time spent auto-exploring this place.
 F = Levels seen in this place.
 G = Mean time per level.
                   A        B        C        D        E       F      G
               +--------+--------+--------+--------+--------+-----+--------+
         Total |  13236 |  12768 |    468 |   2282 |   8563 |  14 |  945.4 |
       Dungeon |  11267 |  10812 |    455 |   1262 |   8031 |  11 | 1024.3 |
        Temple |     93 |     80 |     13 |      0 |     60 |   1 |   93.0 |
        Bailey |    584 |    584 |      0 |      0 |    344 |   1 |  584.0 |
      Ice Cave |   1291 |   1291 |      0 |   1019 |    127 |   1 | 1291.0 |
               +--------+--------+--------+--------+--------+-----+--------+

Top non-repeatable levels by time:
     D:3: 1698 daAuts
     D:9: 1570 daAuts
     D:4: 1380 daAuts
   IceCv: 1291 daAuts
     D:2: 1243 daAuts
     D:1: 1101 daAuts
     D:5: 1007 daAuts
    D:10: 989 daAuts
     D:7: 837 daAuts
     D:8: 818 daAuts
  Bailey: 584 daAuts
     D:6: 545 daAuts
  Temple: 93 daAuts
    D:11: 75 daAuts
